AAA
RENO RAILERS @ LYNN PATRIOTS
08/17/2059
 
TOP OF THE 1ST
Reno Railers batting - Pitching for Lynn Patriots : RHP Chas Lee
Pitching: RHP Chas Lee
Batting: RHB Hartley Muro 0-0: Ball
1-0: Foul Ball, location: 2F
1-1: Ball
2-1: Ball
3-1: Base on Balls
Batting: SHB Eli Hughes 0-0: Ball
1-0: Foul Ball, location: 2F
1-1: Fly out, F9 (Flyball, 89S, EV 81.9 MPH)
Batting: RHB Harry Fischer 0-0: Ball
1-0: Called Strike
Hartley Muro steals 2nd base (no throw)
1-1: Foul Ball, location: 2F
1-2: Ball
2-2: Foul Ball, location: 2F
2-2: SINGLE (Line Drive, 4M, EV 93.8 MPH)
Hartley Muro to third
Batting: LHB Moses Thomas 0-0: Called Strike
0-1: Ball
1-1: Called Strike
1-2: Ball
2-2: SINGLE (Groundball, P, EV 83.1 MPH) (infield hit)
Hartley Muro scores
Harry Fischer to second
Batting: SHB Ke'Ron Nicolescu 0-0: Swinging Strike
0-1: Foul Ball, location: 2F
0-2: Ball
1-2: Fielders Choice at 2nd, 5-4 (Groundball, 56, EV 100.6 MPH)
Harry Fischer to third
Batting: RHB Charlie Wood 0-0: Ball
1-0: Ground out 4-3 (Groundball, 34D, EV 83.1 MPH)
Top of the 1st over - 1 run, 2 hits, 0 errors, 2 left on base; Reno 1 - Lynn 0
BOTTOM OF THE 1ST
Lynn Patriots batting - Pitching for Reno Railers : RHP Moochie Cahn
Pitching: RHP Moochie Cahn
Batting: RHB Paxton Barnett 0-0: Ball
1-0: Swinging Strike
1-1: Ball
2-1: Fly out, F9 (Line Drive, 9S, EV 105.6 MPH)
Batting: RHB O.K. Emelyantsev 0-0: Ball
1-0: Ball
2-0: Ball
3-0: Called Strike
3-1: Foul Ball, location: 2F
3-2: Strikes out swinging
Batting: RHB Mike Thompson 0-0: Called Strike
0-1: Ball
1-1: Ball
2-1: Ball
3-1: Base on Balls
Batting: RHB Rodrick Madhubuti 0-0: Called Strike
0-1: Foul Ball, location: 2F
0-2: Ball
1-2: Strikes out swinging
Bottom of the 1st over - 0 runs, 0 hits, 0 errors, 1 left on base; Reno 1 - Lynn 0
TOP OF THE 2ND
Reno Railers batting - Pitching for Lynn Patriots : RHP Chas Lee
Batting: RHB Sol Djojohadiksumo 0-0: Swinging Strike
0-1: Swinging Strike
0-2: Strikes out looking
Batting: RHB Marcus Ross 0-0: Foul Ball, location: 2F
0-1: Ball
1-1: Ball
2-1: Ball
3-1: Called Strike
3-2: Ground out 1-3 (Groundball, 13S, EV 65.6 MPH)
Batting: LHB Jon Dutton 0-0: Ball
1-0: Swinging Strike
1-1: Foul Ball, location: 2F
1-2: Ball
2-2: Strikes out swinging
Top of the 2nd over - 0 runs, 0 hits, 0 errors, 0 left on base; Reno 1 - Lynn 0
BOTTOM OF THE 2ND
Lynn Patriots batting - Pitching for Reno Railers : RHP Moochie Cahn
Batting: LHB Deshaun Hone 0-0: SOLO HOME RUN (Flyball, 89XD, EV 103.1 MPH), Distance : 408 ft
Batting: RHB Amani Hansen 0-0: Called Strike
0-1: Called Strike
0-2: Foul Ball, location: 2F
0-2: Strikes out swinging
Batting: SHB Xavier Amaro 0-0: Ball
1-0: Fly out, F8 (Flyball, 8LD, EV 88.8 MPH)
Batting: RHB Scottie Viele 0-0: Ball
1-0: SINGLE (Groundball, 4MD, EV 100.6 MPH)
Batting: LHB Kyle Cherry 0-0: Called Strike
0-1: Foul Ball, location: 2F
0-2: Ball
1-2: Ball
2-2: Fly out, F7 (Line Drive, 7D, EV 86.9 MPH)
Bottom of the 2nd over - 1 run, 2 hits, 0 errors, 1 left on base; Reno 1 - Lynn 1
TOP OF THE 3RD
Reno Railers batting - Pitching for Lynn Patriots : RHP Chas Lee
Batting: RHB Hartley Muro 0-0: SINGLE (Line Drive, 56D, EV 105.6 MPH)
Batting: SHB Eli Hughes 0-0: Ball
Pickoff Throw to First - Out! 1-3
1-0: Called Strike
1-1: Ball
2-1: Ball
3-1: Ground out 6-3 (Groundball, 6M, EV 96.9 MPH)
Batting: RHB Harry Fischer 0-0: Ball
1-0: SOLO HOME RUN (Flyball, 78XD, EV 100.6 MPH), Distance : 394 ft
Batting: LHB Moses Thomas 0-0: Ball
1-0: Foul Ball, location: 2F
1-1: Ball
2-1: Ground out 6-3 (Groundball, P, EV 84.4 MPH)
Top of the 3rd over - 1 run, 2 hits, 0 errors, 0 left on base; Reno 2 - Lynn 1
BOTTOM OF THE 3RD
Lynn Patriots batting - Pitching for Reno Railers : RHP Moochie Cahn
Batting: RHB Paxton Barnett 0-0: Ball
1-0: SINGLE (Line Drive, 6D, EV 110.6 MPH)
Batting: RHB O.K. Emelyantsev 0-0: Called Strike
0-1: Ball
1-1: Ball
2-1: Foul Ball, location: 2F
2-2: Ball
3-2: Fielders Choice at 2nd, 6-4 (Groundball, 6M, EV 110.0 MPH)
Batting: RHB Mike Thompson 0-0: Called Strike
0-1: Called Strike
0-2: Foul Ball, location: 2F
0-2: Foul Ball, location: 2F
0-2: Ball
1-2: Foul Ball, location: 2F
1-2: Foul Ball, location: 2F
1-2: Ball
2-2: Ball
3-2: Ground out 6-3 (Groundball, 6, EV 84.4 MPH)
O.K. Emelyantsev to second
Batting: RHB Rodrick Madhubuti 0-0: Ball
1-0: Foul Ball, location: 2F
1-1: Ball
2-1: DOUBLE (Flyball, 89D, EV 106.9 MPH)
O.K. Emelyantsev scores
Batting: LHB Deshaun Hone 0-0: Called Strike
0-1: Called Strike
0-2: Fly out, F7 (Flyball, 78M, EV 91.9 MPH)
Bottom of the 3rd over - 1 run, 2 hits, 0 errors, 1 left on base; Reno 2 - Lynn 2
TOP OF THE 4TH
Reno Railers batting - Pitching for Lynn Patriots : RHP Chas Lee
Batting: SHB Ke'Ron Nicolescu 0-0: Ball
1-0: Ground out 5-3 (Groundball, 6, EV 89.4 MPH)
Batting: RHB Charlie Wood 0-0: Ball
1-0: Ground out 4-3 (Groundball, 34D, EV 98.8 MPH)
Batting: RHB Sol Djojohadiksumo 0-0: Ball
1-0: Foul Ball, location: 2F
1-1: Foul Ball, location: 2F
1-2: Ball
2-2: Strikes out swinging
Top of the 4th over - 0 runs, 0 hits, 0 errors, 0 left on base; Reno 2 - Lynn 2
BOTTOM OF THE 4TH
Lynn Patriots batting - Pitching for Reno Railers : RHP Moochie Cahn
Batting: RHB Amani Hansen 0-0: Called Strike
0-1: Ground out 4-3 (Groundball, 4MS, EV 65.6 MPH)
Batting: SHB Xavier Amaro 0-0: Reached on error, E1 (Groundball, 15S, EV 63.8 MPH)
Batting: RHB Scottie Viele 0-0: Foul Ball, location: 2F
0-1: Called Strike
0-2: Foul Ball, location: 2F
0-2: Strikes out swinging
Batting: LHB Kyle Cherry 0-0: Called Strike
0-1: Ball
1-1: Foul Ball, location: 2F
1-2: Fly out, F8 (Flyball, 8RXD, EV 103.1 MPH)
Bottom of the 4th over - 0 runs, 0 hits, 1 error, 1 left on base; Reno 2 - Lynn 2
TOP OF THE 5TH
Reno Railers batting - Pitching for Lynn Patriots : RHP Chas Lee
Batting: RHB Marcus Ross 0-0: Ground out 6-3 (Groundball, 6, EV 85.6 MPH)
Batting: LHB Jon Dutton 0-0: Ball
1-0: Foul Ball, location: 2F
1-1: Fly out, F8 (Flyball, 8LD, EV 83.1 MPH)
Batting: RHB Hartley Muro 0-0: Ball
1-0: Foul Ball, location: 2F
1-1: Ground out U3 (Groundball, 34, EV 98.8 MPH)
Top of the 5th over - 0 runs, 0 hits, 0 errors, 0 left on base; Reno 2 - Lynn 2
BOTTOM OF THE 5TH
Lynn Patriots batting - Pitching for Reno Railers : RHP Moochie Cahn
Batting: RHB Paxton Barnett 0-0: Ball
1-0: Called Strike
1-1: Called Strike
1-2: Ball
2-2: Ball
3-2: Strikes out swinging
Batting: RHB O.K. Emelyantsev 0-0: Ball
1-0: Foul Ball, location: 2F
1-1: Ball
2-1: Swinging Strike
2-2: Foul Ball, location: 2F
2-2: Ball
3-2: Fly out, F6 (Popup, 6D, EV 50.6 MPH)
Batting: RHB Mike Thompson 0-0: Ball
1-0: Foul Ball, location: 2F
1-1: Foul Ball, location: 2F
1-2: Foul Ball, location: 2F
1-2: Ball
2-2: Ball
3-2: Foul Ball, location: 2F
3-2: Foul Ball, location: 2F
3-2: Base on Balls
Batting: RHB Rodrick Madhubuti 0-0: Called Strike
0-1: Swinging Strike
0-2: Ball
1-2: Strikes out swinging
Bottom of the 5th over - 0 runs, 0 hits, 0 errors, 1 left on base; Reno 2 - Lynn 2
TOP OF THE 6TH
Reno Railers batting - Pitching for Lynn Patriots : RHP Chas Lee
Batting: SHB Eli Hughes 0-0: Called Strike
0-1: Called Strike
0-2: Ball
1-2: Strikes out swinging
Batting: RHB Harry Fischer 0-0: DOUBLE (Flyball, 78D, EV 97.5 MPH)
Batting: LHB Moses Thomas 0-0: Called Strike
0-1: Called Strike
0-2: Foul Ball, location: 2F
0-2: Strikes out swinging
Batting: SHB Ke'Ron Nicolescu 0-0: Called Strike
0-1: Foul Ball, location: 2F
0-2: Ball
1-2: Ball
2-2: Ball
3-2: Strikes out swinging
Top of the 6th over - 0 runs, 1 hit, 0 errors, 1 left on base; Reno 2 - Lynn 2
BOTTOM OF THE 6TH
Lynn Patriots batting - Pitching for Reno Railers : RHP Moochie Cahn
Batting: LHB Deshaun Hone 0-0: Ball
1-0: Ball
2-0: Foul Ball, location: 2F
2-1: Ball
3-1: Base on Balls
Batting: RHB Amani Hansen 0-0: Called Strike
0-1: Foul Ball, location: 2F
0-2: Foul Ball, location: 2F
0-2: Ball
1-2: Foul Ball, location: 2F
1-2: Ball
2-2: Strikes out swinging
Batting: SHB Xavier Amaro 0-0: Called Strike
0-1: SINGLE (Line Drive, 8LS, EV 111.2 MPH)
Deshaun Hone to second
Batting: RHB Scottie Viele 0-0: Swinging Strike
0-1: Called Strike
0-2: Ball
1-2: Strikes out looking
Batting: LHB Kyle Cherry 0-0: Ball
1-0: Called Strike
1-1: Foul Ball, location: 2F
1-2: Strikes out swinging
Bottom of the 6th over - 0 runs, 1 hit, 0 errors, 2 left on base; Reno 2 - Lynn 2
TOP OF THE 7TH
Reno Railers batting - Pitching for Lynn Patriots : RHP Chas Lee
Batting: RHB Charlie Wood 0-0: Called Strike
0-1: Called Strike
0-2: Ball
1-2: Strikes out swinging
Batting: RHB Sol Djojohadiksumo 0-0: Ball
1-0: Swinging Strike
1-1: Called Strike
1-2: Foul Ball, location: 2F
1-2: Foul Ball, location: 2F
1-2: SINGLE (Groundball, 6MD, EV 109.4 MPH)
Batting: RHB Marcus Ross 0-0: Ball
1-0: Fly out, F9 (Flyball, 89M, EV 91.2 MPH)
Batting: LHB Jon Dutton 0-0: Ball
1-0: Ground out 4-3 (Groundball, 4S, EV 92.5 MPH)
Top of the 7th over - 0 runs, 1 hit, 0 errors, 1 left on base; Reno 2 - Lynn 2
BOTTOM OF THE 7TH
Lynn Patriots batting - Pitching for Reno Railers : RHP Moochie Cahn
Batting: RHB Paxton Barnett 0-0: Ball
1-0: DOUBLE (Line Drive, 3D, EV 102.5 MPH)
Batting: RHB O.K. Emelyantsev 0-0: Foul Ball, location: 2F
0-1: Ball
1-1: Ball
2-1: Bunted foul
2-2: Ball
3-2: Ground out 6-3 (Groundball, 6, EV 88.1 MPH)
Paxton Barnett to third
Batting: RHB Mike Thompson 0-0: Ball
1-0: Called Strike
1-1: Ball
2-1: Foul Ball, location: 2F
2-2: Ball
3-2: Foul Ball, location: 2F
3-2: Base on Balls
Batting: RHB Rodrick Madhubuti 0-0: Ball
1-0: Called Strike
1-1: Ball
2-1: Foul Ball, location: 2F
2-2: Ball
3-2: Base on Balls
Mike Thompson to second
Pitching: LHP Furman Cordero
Batting: LHB Deshaun Hone 0-0: Swinging Strike
0-1: Called Strike
0-2: Strikes out swinging
Batting: RHB Amani Hansen 0-0: Foul Ball, location: 2F
0-1: Ball
1-1: Swinging Strike
1-2: Strikes out swinging
Bottom of the 7th over - 0 runs, 1 hit, 0 errors, 3 left on base; Reno 2 - Lynn 2
TOP OF THE 8TH
Reno Railers batting - Pitching for Lynn Patriots : RHP Chas Lee
Batting: RHB Hartley Muro 0-0: Ball
1-0: Called Strike
1-1: Ball
2-1: Ball
3-1: SINGLE (Groundball, 56D, EV 103.1 MPH)
Batting: SHB Eli Hughes 0-0: Ball
Hartley Muro steals 2nd base
1-0: Ball
2-0: Ground out 4-3 (Groundball, 34, EV 78.1 MPH)
Hartley Muro to third
Batting: RHB Harry Fischer 0-0: Ball
1-0: Ball
2-0: Foul Ball, location: 2F
2-1: 2-RUN HOME RUN (Line Drive, 7D, EV 100.0 MPH), Distance : 364 ft
Batting: LHB Moses Thomas 0-0: SINGLE (Flyball, 8LS, EV 90.0 MPH)
Pitching: RHP Blake Tippett
Batting: SHB Ke'Ron Nicolescu 0-0: Called Strike
0-1: Ball
1-1: Ball
Moses Thomas steals 2nd base (no throw)
2-1: Swinging Strike
2-2: Ball
3-2: Foul Ball, location: 2F
3-2: Foul Ball, location: 2F
3-2: Strikes out swinging
Batting: RHB Charlie Wood 0-0: Called Strike
0-1: Called Strike
0-2: Strikes out swinging
Top of the 8th over - 2 runs, 3 hits, 0 errors, 1 left on base; Reno 4 - Lynn 2
BOTTOM OF THE 8TH
Lynn Patriots batting - Pitching for Reno Railers : LHP Furman Cordero
Batting: SHB Xavier Amaro 0-0: Ball
1-0: Called Strike
1-1: Ball
2-1: Ground out 5-3 (Groundball, 5L, EV 103.1 MPH)
Batting: RHB Scottie Viele 0-0: Ball
1-0: Ball
2-0: SINGLE (Groundball, 56D, EV 105.0 MPH)
Batting: LHB Kyle Cherry 0-0: Called Strike
0-1: Swinging Strike
0-2: Foul Ball, location: 2F
0-2: Ball
1-2: Ball
2-2: Ball
3-2: Fly out, F8 (Flyball, 8RM, EV 98.8 MPH)
Batting: RHB Paxton Barnett 0-0: Ball
1-0: Ball
2-0: Ball
3-0: Called Strike
3-1: Foul Ball, location: 2F
3-2: Foul Ball, location: 2F
3-2: Base on Balls
Scottie Viele to second
Pitching: RHP Brennan Wright
Pinch Hitting: LHB Ira Benda 0-0: Ball
1-0: Ball
2-0: SINGLE (Groundball, 34D, EV 100.6 MPH)
Scottie Viele to third
Paxton Barnett to second
Runner from 3rd tries for Home, SAFE, throw by RF to home
Batting: RHB Mike Thompson 0-0: Fly out, F9 (Flyball, 9LS, EV 90.6 MPH)
Bottom of the 8th over - 1 run, 2 hits, 0 errors, 2 left on base; Reno 4 - Lynn 3
TOP OF THE 9TH
Reno Railers batting - Pitching for Lynn Patriots : RHP Blake Tippett
Pitching: RHP Tommy Pitz
Now in LF: Ira Benda
Now in RF: Rodrick Madhubuti
Batting: RHB Sol Djojohadiksumo 0-0: Called Strike
0-1: Ball
1-1: Called Strike
1-2: Strikes out swinging
Batting: RHB Marcus Ross 0-0: Ball
1-0: Swinging Strike
1-1: Hit by Pitch
Batting: LHB Jon Dutton 0-0: Ball
1-0: Ball
2-0: Ball
3-0: Grounds into double play, 6-4-3 (Groundball, 6, EV 83.1 MPH)
Top of the 9th over - 0 runs, 0 hits, 0 errors, 0 left on base; Reno 4 - Lynn 3
BOTTOM OF THE 9TH
Lynn Patriots batting - Pitching for Reno Railers : RHP Brennan Wright
Pitching: RHP Arthur Helman
Batting: RHB Rodrick Madhubuti 0-0: Fly out, F7 (Line Drive, 7, EV 109.4 MPH)
Batting: LHB Deshaun Hone 0-0: Foul Ball, location: 2F
0-1: Swinging Strike
0-2: Foul Ball, location: 2F
0-2: Ball
1-2: Strikes out looking
Pinch Hitting: LHB Chase Corman 0-0: Foul Ball, location: 2F
0-1: Called Strike
0-2: Ball
1-2: Ball
2-2: SINGLE (Flyball, 7LS, EV 98.8 MPH)
Batting: SHB Xavier Amaro 0-0: Called Strike
0-1: Ball
1-1: Foul Ball, location: 2F
1-2: Foul Ball, location: 2F
1-2: Strikes out swinging
Bottom of the 9th over - 0 runs, 1 hit, 0 errors, 1 left on base; Reno 4 - Lynn 3
Saturday, March 23rd , 2024 - OOTP Baseball 23.10 Build 110